 Dungeon Crawl Stone Soup version 0.29-a0-39-g581ba40fa7 (webtiles) character file.

Game seed: 13181293828583210112

352 Majang the Chiller (level 6, -1/43 HPs)
             Began as a Human Ice Elementalist on Feb 1, 2022.
             Was a Priest of the Shining One.
             Slain by Menkaure (18 damage)
             ... in an ossuary.
             The game lasted 00:25:51 (5858 turns).

Majang the Chiller (Human Ice Elementalist)         Turns: 5858, Time: 00:25:52

Health: -1/43      AC:  8    Str: 12    XL:     6   Next: 93%
Magic:  12/21      EV: 12    Int: 18    God:    the Shining One [***...]
Gold:   123        SH:  0    Dex: 13    Spells: 3/14 levels left

rFire   . . .      SeeInvis .   f - +0 whip
rCold   . . .      Faith    .   (no shield)
rNeg    + . .      Spirit   .   a - +0 robe
rPois   +          Reflect  .   (no helmet)
rElec   .          Harm     .   (no cloak)
rCorr   .          Rampage  .   (no gloves)
Will    .....                   (no boots)
Stlth   +.........              (no amulet)
HPRegen 0.14/turn               o - ring "Fell" {rPois Str+4}
MPRegen 0.17/turn               h - ring of magical power

@: ice-armoured, freezing walls, very slightly contaminated, glowing
A: no striking features
a: Renounce Religion, Divine Shield, Cleansing Flame


You were in an ossuary.
You worshipped the Shining One.
The Shining One was most pleased with you.
You visited 1 branch of the dungeon, and saw 4 of its levels.
You also visited: Ossuary.

You collected 123 gold pieces.

Inventory:

Hand Weapons
 e - a +0 club
 f - a +0 whip (weapon)
Armour
 a - a +0 robe (worn)
Jewellery
 g - a ring of see invisible
 h - a ring of magical power (right hand)
 o - the ring "Fell" (left hand) {rPois Str+4}
   (You found it on level 3 of the Dungeon)

   [ring of poison resistance]

   Str:       It affects your strength (+4).
   rPois:     It protects you from poison.
Scrolls
 b - 3 scrolls of identify
 d - a scroll of amnesia
Potions
 c - a potion of curing
 k - a potion of attraction


   Skills:
 + Level 1.0 Fighting
 + Level 1.0 Staves
 + Level 2.4 Dodging
 - Level 2.0 Stealth
 * Level 4.6 Spellcasting
 + Level 1.0 Conjurations
 + Level 5.1 Ice Magic
 + Level 1.0 Invocations
 + Level 0.9 Evocations


You had 3 spell levels left.
You knew the following spells:

 Your Spells              Type           Power      Damage    Failure   Level
a - Ozocubu's Armour      Ice            22%        N/A       4%          3
f - Freeze                Ice            88%        1d10      1%          1
h - Hailstorm             Conj/Ice       15%        3d5       36%         4
r - Frozen Ramparts       Ice            44%        1d6       4%          3

Your spell library contained the following spells:

 Spells                   Type           Power      Damage    Failure   Level
 Summon Small Mammal      Summ           16%        N/A       14%         1
 Sublimation of Blood     Necr           4%         N/A       22%         2
 Wereblood                Tmut           4%         N/A       22%         2
 Call Canine Familiar     Summ           4%         N/A       38%         3
 Summon Guardian Golem    Hex/Summ       4%         N/A       38%         3
 Summon Hydra             Summ           2%         N/A       100%        7


Dungeon Overview and Level Annotations

Branches:
Dungeon (4/15)            Ossuary (1/1)
 Temple: D:4-7

Altars:
Dithmenos
Okawaru
Qazlal
Vehumet
Yredelemnul
The Shining One

Annotations:
Ossuary Menkaure


Message History

Casting: Frozen Ramparts (dangerous; 4% risk of failure)
Confirm with . or Enter, or press ? or * to list all spells.
A film of ice covers your body!
Casting: Ozocubu's Armour (dangerous; 4% risk of failure)
Confirm with . or Enter, or press ? or * to list all spells.
The spell is extremely dangerous to miscast (36% risk of failure)!
Continue anyway?
Casting: Hailstorm (extremely dangerous; 36% risk of failure)
Press: ? - help, Dir - look around, f - activate You miscast Hailstorm.
You are very lightly contaminated with residual magic.
Nothing appears to happen.
You hit Menkaure.
Menkaure is lightly damaged.
Menkaure hits you. Menkaure casts a spell at you.
Pain shoots through your body!
You hit Menkaure.
Menkaure is moderately damaged.
Menkaure closely misses you.
You hit Menkaure but do no damage.
Menkaure is moderately damaged.
Menkaure hits you.
Unknown command.
You hit Menkaure.
Menkaure is moderately damaged.
Menkaure hits you but does no damage.
Menkaure calls on the powers of darkness!
Your body is wracked with pain!
Unknown command.
Okay, then.
Casting: Hailstorm (extremely dangerous; 36% risk of failure)
Confirm with . or Enter, or press ? or * to list all spells.
Casting: Frozen Ramparts (dangerous; 4% risk of failure)
Press: ? - help, Dir - look around, f - activate This square is lit by a halo.
The walls around you are covered in ice.
Menkaure completely resists.
The wall freezes Menkaure but does no damage.
Menkaure hits you!!
You die...

#######################
#∩.....................
#....M@................
#..#####'###'###'###'##
#..#...#...#...#...#...
#.M#.###'####'###'#####
#..'.#....#....#....#..
#..###....#....#....#..
#..#.#....#....#....#..
#..#.#....#....#....#..
#..'.##################


You could see Menkaure (fast).

Vanquished Creatures
  A scorpion (D:3)
  2 centaur zombies (Ossuary)
  Jessica (D:2)
  3 ogre zombies (Ossuary)
  2 mummies (Ossuary)
  4 adders
  4 adder zombies (Ossuary)
  A worm (D:4)
  A dart slug (D:2)
  6 ball pythons
  6 bats
  6 endoplasms
  3 giant cockroaches
  7 goblins
  3 hobgoblins
  3 quokkas (D:1)
  4 frilled lizards
  5 goblin zombies (Ossuary)
  6 hobgoblin zombies (Ossuary)
  5 kobolds
  3 kobold zombies (Ossuary)
  2 quokka zombies (Ossuary)
  6 rats
  5 rat zombies (Ossuary)
89 creatures vanquished.

Notes
Turn   | Place    | Note
-------+----------+-------------------------------------------
     0 | D:1      | Majang the Human Ice Elementalist began the quest for the
                  | Orb.
     0 | D:1      | Reached XP level 1. HP: 13/13 MP: 3/3
   165 | D:1      | Reached XP level 2. HP: 6/19 MP: 1/5
   776 | D:1      | Reached XP level 3. HP: 10/24 MP: 2/7
   780 | D:1      | Learned a level 3 spell: Ozocubu's Armour
   784 | D:1      | Learned a level 3 spell: Frozen Ramparts
  1551 | D:2      | Found a faded altar of an unknown god.
  2021 | D:2      | Reached XP level 4. HP: 30/30 MP: 8/8
  2130 | D:2      | Noticed Jessica
  2135 | D:2      | Killed Jessica
  2559 | D:3      | Noticed a scorpion
  2563 | D:3      | Killed a scorpion
  2564 | D:3      | Reached XP level 5. HP: 20/35 MP: 11/11
  2934 | D:3      | Found a glowing golden altar of the Shining One.
  3019 | D:3      | Found a basalt altar of Yredelemnul.
  3038 | D:3      | Learned a level 4 spell: Hailstorm
  3078 | D:3      | Became a worshipper of the Shining One
  3146 | D:3      | Found a shadowy altar of Dithmenos.
  3221 | D:3      | Found an iron altar of Okawaru.
  3445 | D:3      | Found a radiant altar of Vehumet.
  3461 | D:3      | Found a stormy altar of Qazlal.
  3467 | D:3      | Identified the ring "Fell" {rPois Str+4}
  3899 | D:4      | Found a sand-covered staircase.
  3908 | Ossuary  | Entered an ossuary
  3938 | Ossuary  | The Shining One protects you from harm!
  3942 | Ossuary  | Reached XP level 6. HP: 8/41 MP: 12/12
  4269 | Ossuary  | Reached skill level 5 in Ice Magic
  4610 | Ossuary  | Reached * piety under the Shining One
  5038 | Ossuary  | Reached ** piety under the Shining One
  5690 | Ossuary  | Reached skill level 1 in Staves
  5690 | Ossuary  | Reached skill level 1 in Invocations
  5769 | Ossuary  | Reached skill level 1 in Fighting
  5769 | Ossuary  | Reached skill level 1 in Conjurations
  5830 | Ossuary  | Reached *** piety under the Shining One
  5830 | Ossuary  | Noticed Menkaure
  5858 | Ossuary  | Slain by Menkaure

Illustrated notes

Levels and vault maps discovered:
D:1:      wheals_arrival_linesprint, layout_loops_ring, minmay_pentomino_r2
D:2:      layout_loops_cross, basic_ecumenical_altar, uniq_jessica
D:3:      layout_loops_ring, mainiacjoe_overflow_alcove_2,
          general_overflow_altar, nicolae_overflow_quartered_altars
D:4:      layout_rooms, jmf_multi_god_temple2, gammafunk_ghost_icy,
          nicolae_ossuary_entry_monument, uniq_crazy_yiuf_cottage
Ossuary:  ossuary_boxes_badplayer

Skill      XL: |  1  2  3  4  5  6 |
---------------+-------------------+-----
Spellcasting   | 3 4 |  4.6
Ice Magic      | 5 |  5.1
Staves         | 1 |  1.0
Invocations    | 1 |  1.0
Fighting       | 1 |  1.0
Conjurations   | 1 |  1.0
Dodging        | |  2.4
Stealth        | |  2.0
Evocations     | |  0.9

Action                   |  1- 3 |  4- 6 || total
-------------------------+-------+-------++-------
Melee: Unarmed           |     2 |       ||     2
       Whip              |     4 |   149 ||   153
       Club              |     1 |       ||     1
 Cast: Freeze            |    31 |    43 ||    74
       Frozen Ramparts   |    11 |    41 ||    52
       Ozocubu's Armour  |     2 |    23 ||    25
       Hailstorm         |       |     2 ||     2
  Use: Scroll            |       |     6 ||     6
       Potion            |       |     3 ||     3
 Stab: Sleeping          |     4 |       ||     4
Armor: Robe              |     6 |    65 ||    71
Dodge: Dodged            |     8 |   113 ||   121

Table legend: (Time is in decaauts)
 A = Elapsed time spent in this place.
 B = Non-inter-level travel time spent in this place.
 C = Inter-level travel time spent in this place.
 D = Time resting spent in this place.
 E = Time spent auto-exploring this place.
 F = Levels seen in this place.
 G = Mean time per level.
                   A        B        C        D        E       F      G
               +--------+--------+--------+--------+--------+-----+--------+
         Total |   5871 |   5646 |    225 |   2478 |   2021 |   5 | 1174.2 |
       Dungeon |   3908 |   3683 |    225 |   1212 |   2021 |   4 |  977.0 |
       Ossuary |   1962 |   1962 |      0 |   1266 |      0 |   1 | 1962.0 |
               +--------+--------+--------+--------+--------+-----+--------+

Top non-repeatable levels by time:
 Ossuary: 1962 daAuts
     D:1: 1549 daAuts
     D:2: 1206 daAuts
     D:3: 984 daAuts
     D:4: 168 daAuts
